 Dungeon Crawl Stone Soup version bcrawl-1.22 (webtiles) character file.

Game seed: 5530184293489401759

135 pasperui the Ducker (level 5, -4/70 HPs)
             Began as a Gnoll Reaver on May 12, 2020.
             Was a Believer of Vehumet.
             Slain by Sigmund
             ... wielding a +5 scythe of venom
              (8 damage)
             ... on level 3 of the Dungeon.
             The game lasted 00:06:34 (1619 turns).

pasperui the Ducker (Gnoll Reaver)                  Turns: 1619, Time: 00:06:34

Health: -4/70      AC: 22    Str: 19    XL:     5   Next: 18%
Magic:  12/12      EV:  2    Int: 17    God:    Vehumet [**....]
Gold:   189        SH:  0    Dex: 13    Spells: 14/14 levels left

rFire    + . .     SeeInvis .   h - +2 short sword (venom)
rCold    + . .     Gourm    +   (no shield)
rNeg     + + +     Faith    .   (armour currently unavailable)
rPois    +         Spirit   .   (helmet currently unavailable)
rElec    +         Reflect  .   (cloak currently unavailable)
rCorr    +         Harm     .   (gloves currently unavailable)
MR       .....     NoTele   +   (boots currently unavailable)
Stlth    ++........             u - amulet of the gourmand
HPRegen  0.21/turn              (no ring)
MPRegen  0.13/turn              (no ring)

@: mighty, lethally poisoned (-4 -> -68), tree-form, resistant
A: distributed training, strong nose
a: Renounce Religion


You were on level 3 of the Dungeon.
You worshipped Vehumet.
Vehumet was pleased with you.
You were very full.
You were a tree.
You visited 1 branch of the dungeon, and saw 3 of its levels.

You collected 189 gold pieces.

Inventory:

Hand Weapons
 a - a +0 long sword
 h - a +2 short sword of venom (weapon)
 m - a +0 spear
 q - a +2 broad axe of flaming
Missiles
 i - 927 stones (quivered)
 k - 227 arrows
 l - 93 sling bullets
 x - 207 bolts
Armour
 b - +0 steam dragon scales (melded)
Jewellery
 u - an amulet of the gourmand (around neck)
Scrolls
 d - a scroll of immolation
 f - 2 scrolls of identify {unknown}
 g - 4 scrolls of teleportation {unknown}
 n - a scroll of blinking {unknown}
 o - a scroll of remove curse {unknown}
 p - a scroll of enchant armour {unknown}
 t - a scroll of amnesia {unknown}
 y - a scroll of fear {unknown}
Potions
 c - a potion of haste
 j - a potion of lignification
Comestibles
 e - 5 rations {!d}
 z - 6 chunks of flesh


   Skills:
 + Level 6.6 Fighting
 + Level 1.3 Short Blades
 + Level 6.6 Long Blades
 + Level 1.3 Axes
 + Level 1.3 Maces & Flails
 + Level 1.3 Polearms
 + Level 1.3 Staves
 + Level 1.3 Slings
 + Level 1.3 Bows
 + Level 1.3 Crossbows
 + Level 1.3 Throwing
 + Level 1.3 Armour
 + Level 6.6 Dodging
 + Level 1.3 Stealth
 + Level 1.3 Shields
 + Level 1.3 Unarmed Combat
 + Level 5.1 Spellcasting
 + Level 1.1 Conjurations
 + Level 1.1 Hexes
 + Level 1.1 Charms
 + Level 1.1 Summonings
 + Level 1.1 Necromancy
 + Level 1.1 Translocations
 + Level 1.1 Transmutations
 + Level 1.1 Fire Magic
 + Level 1.1 Ice Magic
 + Level 1.1 Air Magic
 + Level 1.1 Earth Magic
 + Level 1.1 Poison Magic
 + Level 1.5 Invocations
 + Level 1.3 Evocations


You had 14 spell levels left.
You didn't know any spells.
Your spell library contained the following spells:

 Spells                   Type           Power        Failure   Level  Hunger
 Magic Dart               Conj           #...         2%          1    None
 Iskenderun's Battlesphe  Conj/Chrm      #.......     52%         5    ######.


Dungeon Overview and Level Annotations

Branches:
Dungeon (3/12)

Altars:

Annotations:
D:3 Sigmund


Innate Abilities, Weirdness & Mutations

Your experience applies equally to all skills.
((You have very sharp teeth.))
Your uncanny sense of smell can sniff out nearby items.


Message History

* * * LOW HITPOINT WARNING * * *
You feel very sick. The kobold hits you but does no damage.
Unknown command.
It was a potion of resistance.
You feel protected.
* * * LOW HITPOINT WARNING * * *
You feel very sick. Something hits you but does no damage.
You are more poisoned.
The kobold hits you but does no damage.
Unknown command.
It was a potion of might.
You feel very mighty all of a sudden.
* * * LOW HITPOINT WARNING * * *
You feel very sick. The kobold hits you but does no damage.
You are more poisoned.
Something hits you!
You die...

#.......####.#########
#.# #.......# #.# ∆
#.. #.......## #.# ###
#........# #.#
#........###.#
#.........##.#
#.......#.##.# #
#########..#.# .#
##♣#[###.###
#K........# ####
##.{......# ...#
#........# ##.#
##.......# ##.#
#.......# <#.#
#>......# ##.#
##..%...# ...#
#......#


You could see a kobold.

Vanquished Creatures
  A worker ant (D:2)
  A gnoll (D:2)
  2 adders
  An ooze (D:3)
  7 worms
  A dart slug (D:1)
  2 leopard geckos (D:1)
  2 giant cockroaches (D:2)
  6 goblins
  7 hobgoblins
  3 jackals (D:3)
  8 kobolds
  4 quokkas
  4 bats
  3 frilled lizards
  5 rats
57 creatures vanquished.

Notes
Turn   | Place    | Note
-------+----------+-------------------------------------------
     0 | D:1      | pasperui the Gnoll Reaver began the quest for the Orb.
     0 | D:1      | Reached XP level 1. HP: 23/23 MP: 6/6
    81 | D:1      | Reached XP level 2. HP: 29/29 MP: 7/7
   335 | D:1      | Reached XP level 3. HP: 35/35 MP: 9/9
   502 | D:1      | Reached skill level 5 in Spellcasting
   508 | D:1      | Reached * piety under Vehumet
   508 | D:1      | Offered knowledge of Freeze by Vehumet.
   662 | D:2      | Reached skill level 1 in Invocations
   671 | D:2      | Reached skill level 1 in Short Blades
   671 | D:2      | Reached skill level 1 in Axes
   671 | D:2      | Reached skill level 1 in Maces & Flails
   671 | D:2      | Reached skill level 1 in Polearms
   671 | D:2      | Reached skill level 1 in Staves
   671 | D:2      | Reached skill level 1 in Slings
   671 | D:2      | Reached skill level 1 in Bows
   671 | D:2      | Reached skill level 1 in Crossbows
   671 | D:2      | Reached skill level 1 in Throwing
   671 | D:2      | Reached skill level 1 in Armour
   671 | D:2      | Reached skill level 1 in Stealth
   671 | D:2      | Reached skill level 1 in Shields
   671 | D:2      | Reached skill level 1 in Unarmed Combat
   671 | D:2      | Reached skill level 1 in Evocations
   671 | D:2      | Reached XP level 4. HP: 36/41 MP: 11/11
  1004 | D:2      | Reached skill level 1 in Conjurations
  1004 | D:2      | Reached skill level 1 in Hexes
  1004 | D:2      | Reached skill level 1 in Charms
  1004 | D:2      | Reached skill level 1 in Summonings
  1004 | D:2      | Reached skill level 1 in Necromancy
  1004 | D:2      | Reached skill level 1 in Translocations
  1004 | D:2      | Reached skill level 1 in Transmutations
  1004 | D:2      | Reached skill level 1 in Fire Magic
  1004 | D:2      | Reached skill level 1 in Ice Magic
  1004 | D:2      | Reached skill level 1 in Air Magic
  1004 | D:2      | Reached skill level 1 in Earth Magic
  1004 | D:2      | Reached skill level 1 in Poison Magic
  1421 | D:3      | Offered knowledge of Magic Dart by Vehumet.
  1421 | D:3      | Reached XP level 5. HP: 46/47 MP: 12/12
  1426 | D:3      | Reached ** piety under Vehumet
  1599 | D:3      | Noticed Sigmund
  1619 | D:3      | Slain by Sigmund

Skill      XL: |  1  2  3  4 |
---------------+-------------+-----
Spellcasting   | 5 |  5.1
Invocations    | 1 |  1.5
Short Blades   | 1 |  1.3
Axes           | 1 |  1.3
Maces & Flails | 1 |  1.3
Polearms       | 1 |  1.3
Staves         | 1 |  1.3
Slings         | 1 |  1.3
Bows           | 1 |  1.3
Crossbows      | 1 |  1.3
Throwing       | 1 |  1.3
Armour         | 1 |  1.3
Stealth        | 1 |  1.3
Shields        | 1 |  1.3
Unarmed Combat | 1 |  1.3
Evocations     | 1 |  1.3
Conjurations   | 1 |  1.1
Hexes          | 1 |  1.1
Charms         | 1 |  1.1
Summonings     | 1 |  1.1
Necromancy     | 1 |  1.1
Translocations | 1 |  1.1
Transmutations | 1 |  1.1
Fire Magic     | 1 |  1.1
Ice Magic      | 1 |  1.1
Air Magic      | 1 |  1.1
Earth Magic    | 1 |  1.1
Poison Magic   | 1 |  1.1
Fighting       | |  6.6
Long Blades    | |  6.6
Dodging        | |  6.6

Action                   |  1- 3 |  4- 6 || total
-------------------------+-------+-------++-------
Melee: Long sword        |    87 |    33 ||   120
       Bite              |     9 |     9 ||    18
       Short sword       |     8 |    85 ||    93
       Punch             |       |     1 ||     1
  Use: Potion            |       |     5 ||     5
 Stab: Sleeping          |     3 |     4 ||     7
  Eat: Chunk             |       |    13 ||    13
Armor: Steam dragon scal |    17 |    32 ||    49
       Skin              |       |     6 ||     6
Dodge: Dodged            |    64 |    88 ||   152
